 Dungeon Crawl Stone Soup version 0.27-a0-531-gb72ec1a1b6 (webtiles) character file.

Game seed: 13398356077460879757

2139 jasper the Archer (level 9, -1/59 HPs)
             Began as a Demonspawn Arcane Marksman on Mar 5, 2021.
             Was a Believer of Okawaru.
             Slain by a yak (12 damage)
             ... on level 7 of the Dungeon.
             The game lasted 00:06:55 (6080 turns).

jasper the Archer (Demonspawn Arcane Marksman)      Turns: 6080, Time: 00:06:56

Health: -1/59      AC:  7    Str: 11    XL:     9   Next: 9%
Magic:  19/19      EV: 12    Int: 14    God:    Okawaru [**....]
Gold:   327        SH:  0    Dex: 17    Spells: 9/10 levels left

rFire    + . .     SeeInvis .   a - +0 shortbow
rCold    . . .     Faith    .   (shield currently unavailable)
rNeg     . . .     Spirit   .   q - +3 leather armour {Will+}
rPois    .         Reflect  .   (no helmet)
rElec    .         Harm     .   (no cloak)
rCorr    .         Rampage  .   o - +0 pair of gloves
Will     +....                  (no boots)
Stlth    +.........             (no amulet)
HPRegen  0.19/turn              D - ring of protection from fire
MPRegen  0.32/turn              C - ring of magical power

@: no status effects
A: claws 2, spiny 2, magic regeneration
a: Renounce Religion, Heroism


You were on level 7 of the Dungeon.
You worshipped Okawaru.
Okawaru was pleased with you.
You visited 2 branches of the dungeon, and saw 8 of its levels.

You collected 327 gold pieces.

Inventory:

Hand Weapons
 a - a +0 shortbow (weapon)
Missiles
 A - 38 arrows (quivered ammo)
Armour
 e - a +0 robe
 i - a +0 ring mail
 o - a +0 pair of gloves (worn)
 q - a +3 leather armour of willpower (worn)
Jewellery
 w - a ring of flight
 C - a ring of magical power (right hand)
 D - a ring of protection from fire (left hand)
Wands
 p - a wand of polymorph (2)
 u - a wand of acid (6)
 x - a wand of flame (18)
Scrolls
 b - 10 scrolls of identify {unknown}
 c - 4 scrolls of teleportation {unknown}
 d - 2 scrolls of enchant weapon {unknown}
 j - a scroll of immolation {unknown}
 r - a scroll of amnesia {unknown}
 t - a scroll of random uselessness {unknown}
 v - a scroll of fear {unknown}
 y - a scroll of fog {unknown}
 B - a scroll of magic mapping {unknown}
Potions
 f - a potion of degeneration {unknown}
 g - a potion of might {unknown}
 h - 3 potions of attraction {unknown}
 k - a potion of heal wounds {unknown}
 l - 2 potions of lignification {unknown}
 m - 4 potions of curing {unknown}
 n - a potion of haste
 s - a potion of brilliance {unknown}
 z - a potion of invisibility {unknown}
 E - a potion of flight {unknown}


   Skills:
 - Level 1.0 Fighting
 + Level 11.0 Bows
 - Level 1.7 Dodging
 - Level 1.0 Spellcasting
 - Level 3.0 Hexes


You had 9 spell levels left.
You knew the following spells:

 Your Spells              Type           Power      Damage    Failure   Level
a - Corona                Hex            10%        N/A       10%         1

Your spell library contained the following spells:

 Spells                   Type           Power      Damage    Failure   Level
 Slow                     Hex            9%         N/A       16%         2
 Inner Flame              Hex/Fire       4%         N/A       50%         3
 Portal Projectile        Hex/Tloc       8%         N/A       50%         3
 Cause Fear               Hex            4%         N/A       69%         4
 Leda's Liquefaction      Hex/Erth       2%         N/A       88%         4


Dungeon Overview and Level Annotations

Branches:
Dungeon (7/15)             Temple (1/1) D:4

Altars:
Ashenzari
Cheibriados
Dithmenos
Elyvilon
Fedhas
Gozag
Hepliaklqana
Kikubaaqudgha
Makhleb
Okawaru
Qazlal
Ru
Sif Muna
Trog
Uskayaw
Vehumet
Wu Jian
Xom
Zin
The Shining One


Innate Abilities, Weirdness & Mutations

You have very sharp fingernails.
You are mostly covered in sharp spines.
You regenerate magic rapidly.


Message History

You kill the human!
Okawaru accepts your kill.
A hound comes into view.
Your Bows skill increases to level 11!
Fire: 43 arrows
Press: ? - help, Q - select action, (/) - cycle Shift-Dir - straight line, f - hound
Aim: a hound (56% to hit)
You shoot an arrow. The arrow hits the hound!
The hound is heavily wounded.
The hound pauses to sniff the ground.
The hound barely misses you.
Fire: 42 arrows
Press: ? - help, Q - select action, (/) - cycle Shift-Dir - straight line, f/p - hound
Aim: a hound (heavily wounded, 56% to hit)
You shoot an arrow. The arrow barely misses the hound.
The hound is struck by your spines. The hound bites you but does no damage.
Fire: 41 arrows
Press: ? - help, Q - select action, (/) - cycle Shift-Dir - straight line, f/p - hound
Aim: a hound (heavily wounded, 56% to hit)
You shoot an arrow. The arrow closely misses the hound.
The hound is struck by your spines. The hound closely misses you.
Fire: 40 arrows
Press: ? - help, Q - select action, (/) - cycle Shift-Dir - straight line, f/p - hound
Aim: a hound (almost dead, 56% to hit)
You shoot an arrow. The arrow barely misses the hound.
The hound is struck by your spines.
You kill the hound!
Okawaru accepts your kill.
Fire: 39 arrows
Press: ? - help, Q - select action, (/) - cycle Shift-Dir - straight line, f - you Really target yourself?
Okay, then.
A yak comes into view.
Fire: 39 arrows
Press: ? - help, Q - select action, (/) - cycle Shift-Dir - straight line, f - yak
Aim: a yak (75% to hit)
You shoot an arrow. The arrow hits the yak.
The yak is lightly wounded.
The yak is struck by your spines. The yak gores you!
You die...

. (≈≈ #..# ######
#((.. #..#
##....######p((...
..#
###.####.@#†pp#
..# #..## ###Y####
##.## ##.## ###
.... ###.#
#.#####..##
#...#..###
##.##.### ..
...######## .. ..
........... ...
.## #


You could see a yak.

Vanquished Creatures
  6 humans (D:7)
  An ice beast (D:6)
  A sky beast (D:5)
  2 centaurs
  2 bullfrogs (D:6)
  2 scorpions
  2 howler monkeys
  A centaur zombie (D:5)
  2 bullfrog skeletons
  3 hounds
  3 centaur skeletons
  2 jellies
  An orc priest (D:5)
  2 iguanas (D:4)
  Ijyb (D:4)
  A worker ant (D:6)
  A mummy (D:6)
  5 gnolls
  A howler monkey skeleton (D:5)
  5 adders
  A white imp (D:6)
  An adder zombie (D:6)
  2 worms
  3 dart slugs (D:1)
  3 leopard geckos
  3 orcs (D:5)
  A ball python (D:5)
  2 giant cockroaches
  2 goblins
  4 hobgoblins
  3 jackals (D:5)
  4 quokkas
  9 bats
  5 frilled lizards
  A jackal zombie (D:6)
  7 kobolds
  6 rats
101 creatures vanquished.

Vanquished Creatures (others)
  5 dream sheep (D:3)
5 creatures vanquished.

Grand Total: 106 creatures vanquished

Notes
Turn   | Place    | Note
-------+----------+-------------------------------------------
     0 | D:1      | jasper the Demonspawn Arcane Marksman began the quest for
                  | the Orb.
     0 | D:1      | Reached XP level 1. HP: 15/15 MP: 2/2
    68 | D:1      | Reached skill level 2 in Bows
    68 | D:1      | Gained mutation: You have sharp fingernails. [demonic
                  | ancestry]
    68 | D:1      | Reached XP level 2. HP: 11/21 MP: 3/3
   377 | D:1      | Reached skill level 3 in Bows
   626 | D:1      | Gained mutation: You have very sharp fingernails. [demonic
                  | ancestry]
   626 | D:1      | Reached XP level 3. HP: 26/26 MP: 4/4
  1099 | D:2      | Noticed an ogre
  1258 | D:3      | Noticed a dream sheep
  1258 | D:3      | Noticed a dream sheep
  1258 | D:3      | Noticed a dream sheep
  1258 | D:3      | Noticed a dream sheep
  1258 | D:3      | Noticed a dream sheep
  1258 | D:3      | Found a shimmering altar of Xom.
  1260 | D:3      | Killed a dream sheep
  1262 | D:3      | Killed a dream sheep
  1262 | D:3      | Killed a dream sheep
  1262 | D:3      | Killed a dream sheep
  1265 | D:3      | Killed a dream sheep
  1600 | D:3      | Reached skill level 4 in Bows
  1600 | D:3      | Gained mutation: You regenerate magic rapidly. [demonic
                  | ancestry]
  1600 | D:3      | Reached XP level 4. HP: 13/32 MP: 5/5
  2378 | D:4      | Noticed Ijyb
  2401 | D:4      | Killed Ijyb
  2534 | D:4      | Found a stormy altar of Qazlal.
  2676 | D:4      | Reached skill level 5 in Bows
  2676 | D:4      | Gained mutation: You are partially covered in sharp spines.
                  | [demonic ancestry]
  2676 | D:4      | Reached XP level 5. HP: 37/37 MP: 6/6
  2697 | D:4      | Gained mutation: You are mostly covered in sharp spines.
                  | [demonic ancestry]
  2697 | D:4      | Reached XP level 6. HP: 13/43 MP: 7/7
  3010 | D:4      | Reached skill level 6 in Bows
  3479 | D:4      | Found a staircase to the Ecumenical Temple.
  3601 | Temple   | Entered the Ecumenical Temple
  4169 | D:5      | Entered Level 5 of the Dungeon
  4369 | D:5      | Reached skill level 7 in Bows
  4369 | D:5      | Reached XP level 7. HP: 37/48 MP: 8/8
  4487 | D:5      | Found a sacrificial altar of Ru.
  4543 | D:5      | Found an ornate altar of the Wu Jian Council.
  4656 | D:5      | Found an iron altar of Okawaru.
  4665 | D:5      | Became a worshipper of Warmaster Okawaru
  4968 | D:6      | Reached skill level 8 in Bows
  5226 | D:6      | Reached * piety under Okawaru
  5233 | D:6      | Found a snail-covered altar of Cheibriados.
  5249 | D:6      | Reached XP level 8. HP: 38/54 MP: 9/9
  5507 | D:6      | Found a radiant altar of Vehumet.
  5534 | D:6      | Reached skill level 9 in Bows
  6041 | D:7      | Reached skill level 10 in Bows
  6055 | D:7      | Reached ** piety under Okawaru
  6068 | D:7      | Reached XP level 9. HP: 26/59 MP: 10/10
  6075 | D:7      | Reached skill level 11 in Bows
  6080 | D:7      | Slain by a yak

Illustrated notes

Levels and vault maps discovered:
D:1:      saegor_arrival_simple_c, layout_rooms
D:2:      layout_loops_corners, minmay_fountain_box,
          amcnicky_mini_rare_corridor_liquid
D:3:      wander_river, layout_basic, kb_xom_exploding_sheep
D:4:      minmay_opposing_rooms, layout_layer_cave,
          lemuel_coloured_pillars_altar, minmay_temple_entry_enclosed_plants,
          kennysheep_cluttered_room, uniq_ijyb
D:5:      layout_rooms, okawaru_metal_pillars_3, nicolae_ru_awakened_eye,
          lemuel_crystal_altar, minmay_tree_intersection
D:6:      layout_rooms, elyvilon_altar_1, slow_altar_1, kennysheep_mini
D:7:      erik_cavepeople, layout_basic, serial_shops, shop
Temple:   nicolae_temple_hex_pool

Skill      XL: |  1  2  3  4  5  6  7  8  9 |
---------------+----------------------------+-----
Bows           | 2 3 4 5 7 8 10 11 | 11.0
Fighting       | |  1.0
Dodging        | |  1.7
Spellcasting   | |  1.0
Hexes          | |  3.0

Action                   |  1- 3 |  4- 6 |  7- 9 || total
-------------------------+-------+-------+-------++-------
Melee: Unarmed           |       |    30 |     3 ||    33
 Fire: Shortbow          |   113 |    79 |   167 ||   359
Evoke: Wand              |       |     9 |       ||     9
  Use: Potion            |     1 |       |       ||     1
 Stab: Sleeping          |       |       |     1 ||     1
Armor: Robe              |     1 |       |       ||     1
       Ring mail         |    19 |     6 |       ||    25
       Skin              |       |     2 |       ||     2
       Leather armour    |       |    10 |    28 ||    38
Dodge: Dodged            |    22 |    39 |    30 ||    91

Table legend: (Time is in decaauts)
 A = Elapsed time spent in this place.
 B = Non-inter-level travel time spent in this place.
 C = Inter-level travel time spent in this place.
 D = Time resting spent in this place.
 E = Time spent auto-exploring this place.
 F = Levels seen in this place.
 G = Mean time per level.
                   A        B        C        D        E       F      G
               +--------+--------+--------+--------+--------+-----+--------+
         Total |   6092 |   5890 |    202 |     46 |   5135 |   8 |  761.5 |
       Dungeon |   6015 |   5818 |    197 |     46 |   5064 |   7 |  859.3 |
        Temple |     77 |     72 |      5 |      0 |     71 |   1 |   77.0 |
               +--------+--------+--------+--------+--------+-----+--------+

Top non-repeatable levels by time:
     D:4: 1759 daAuts
     D:3: 1211 daAuts
     D:1: 927 daAuts
     D:6: 862 daAuts
     D:5: 837 daAuts
     D:2: 236 daAuts
     D:7: 180 daAuts
  Temple: 77 daAuts
